Cogmind - Beta 13 *** ADVENTURER MODE // 2024.04.08 @ 05:04:27 // Winter2019/RPGLIKE Player: Big Tortoise Result: Destroyed by H-66 Slayer with Gauss Rifle Performance ------------- Evolutions (5) 2500 Regions Visited (27) 5400 Robots Destroyed (467) 2335 Value Destroyed (24341) 24341 Prototype IDs (40) 800 Alien Tech Used (0) 0 Bonus (12606) 12606 TOTAL SCORE: 47982 Bonus ------- High Alert Combat Kills 6242 Follower Combat Kills 1697 Entered Garrisons 1000 Network Hubs Disabled 800 Met Imprinter 300 Destroyed Z-Imprinter 1000 Triggered Deep Caves Wall 500 Acquired ECA 300 Built Enhanced Grunts 300 Met R17 at Cetus 500 Friendly Fire -33 Cogmind --------- Core Integrity 0/1300 Matter 342/350 Energy 266/270 System Corruption 3% Temperature Cool (4) Movement Hovering (40) Location -5/Factory Parts ------- > --- POWER (2) -------- Light Antimatter Reactor > --- PROPULSION (4) --- Cooled Airjet Cooled Airjet Cooled Aerolev Unit Antigrav System > --- UTILITY (9) ------ Advanced Signal Interpreter Advanced Terrain Scanner Microactuators Nanoactuators Actuator Array Experimental Reaction Control System Improved Medium Armor Plating System Shield Improved System Shield > --- WEAPON (4) ------- Shock Maul Greatsword Phasing Sabre > --- INVENTORY (4) ---- Encrypted Comm Array Stasis Canceller Peak State ------------ > --- POWER ------------ Improved Deuterium Engine Angular Momentum Engine > --- PROPULSION ------- Cooled Aerolev Unit Zionite Glidesys I Zionite Glidesys I Zionite Glidesys I > --- UTILITY ---------- Advanced Signal Interpreter Advanced Terrain Scanner Improved Melee Analysis Suite Microactuators Nanoactuators Actuator Array Experimental Reaction Control System Improved Hardlight Generator Improved System Shield > --- WEAPON ----------- Thunder Hammer Greatsword Phasing Sabre > --- INVENTORY -------- Encrypted Comm Array Stasis Canceller Skeleton Box Shock Rifle [Rating: 103] Favorites ----------- Power Light Nuclear Core Engine Angular Momentum Engine Power Core Light Nuclear Core Reactor Light Antimatter Reactor Propulsion Improved VTOL Module Leg Aluminum Leg Hover Unit Zionite Glidesys I Flight Unit Improved VTOL Module Utility Actuator Array Device Actuator Array Storage Zionite Biocell Processor Improved Signal Interpreter Hackware Improved System Shield Protection Reflective Plating Weapon Impact Mace Energy Gun Shock Rifle Ballistic Gun Light Assault Rifle Special Weapon Plasma Flamer Impact Weapon Impact Mace Slashing Weapon Katana Piercing Weapon Lance Special Melee Weapon Advanced Datajack Build | -11 -10 -9 -9 -9 -8 -8 -8 -8 -8 -8 -8 -8 -8 -8 -8 -7 -7 -7 -7 -7 -6 -6 -6 -6 -6 -6 -5 ------- Run | Yrd Mat Mat Min Exi Min Mat Gar Mat Gar Mat Gar Mat Gar Mat Gar Fac Low Low Zio Dee Pro Fac Ext Cet Arc Hub Fac Slots Evolved 15 | 4 . 4 1 . . . 1 1 . . . . . . . 1 . . . . . 1 1 1 . . . Power 1 | . . . . . . . . . . . . . . . . . . . . . . 1 . . . . . Propulsion 3 | 1 . 2 . . . . . . . . . . . . . . . . . . . . . . . . . Utility 8 | 2 . 2 . . . . 1 . . . . . . . . 1 . . . . . . 1 1 . . . Weapon 3 | 1 . . 1 . . . . 1 . . . . . . . . . . . . . . . . . . . Parts Attached 160 | 5 4 15 3 . . 11 2 6 3 . 5 6 6 . . 2 2 . 4 26 1 8 7 3 4 13 24 Power 14 | 1 . 2 . . . . . 2 . . 1 . 1 . . . . . . 2 1 1 1 . . . 2 Engine 4 | 1 . . . . . . . 1 . . . . . . . . . . . . 1 . 1 . . . . Core 7 | . . 2 . . . . . 1 . . 1 . 1 . . . . . . 1 . 1 . . . . . Reactor 3 | . . . . . . . . . . . . . . . . . . . . 1 . . . . . . 2 Propulsion 41 | 2 1 5 1 . . 4 . . . . . . 5 . . . . . . 8 . . 1 . . 8 6 Treads . | . . . . . . . . . . . . . . . . . . . . . . . . . . . . Leg 4 | 2 . . . . . . . . . . . . . . . . . . . 1 . . . . . 1 . Wheel . | . . . . . . . . . . . . . . . . . . . . . . . . . . . . Hover 17 | . . . . . . . . . . . . . . . . . . . . 5 . . 1 . . 5 6 Flight 20 | . 1 5 1 . . 4 . . . . . . 5 . . . . . . 2 . . . . . 2 . Utility 67 | . 3 4 . . . 4 2 3 2 . 2 2 . . . 2 . . . 10 . 7 4 3 2 4 13 Device 37 | . 1 2 . . . 2 . 1 1 . . 1 . . . 2 . . . 4 . 6 3 2 1 2 9 Storage 1 | . . . . . . . . . . . . . . . . . . . . 1 . . . . . . . Processor 8 | . 1 . . . . 1 1 1 . . . . . . . . . . . . . . 1 . . 2 1 Hackware 4 | . . 1 . . . . . . . . . . . . . . . . . . . . . . 1 . 2 Protection 17 | . 1 1 . . . 1 1 1 1 . 2 1 . . . . . . . 5 . 1 . 1 . . 1 Artifact . | . . . . . . . . . . . . . . . . . . . . . . . . . . . . Weapon 38 | 2 . 4 2 . . 3 . 1 1 . 2 4 . . . . 2 . 4 6 . . 1 . 2 1 3 Energy Gun 6 | . . 1 . . . . . . . . . . . . . . . . . 4 . . . . . 1 . Energy Cannon . | . . . . . . . . . . . . . . . . . . . . . . . . . . . . Ballistic Gun 2 | 2 . . . . . . . . . . . . . . . . . . . . . . . . . . . Ballistic Cannon . | . . . . . . . . . . . . . . . . . . . . . . . . . . . . Launcher . | . . . . . . . . . . . . . . . . . . . . . . . . . . . . Special Weapon 2 | . . . 1 . . . . . . . . . . . . . . . 1 . . . . . . . . Impact Weapon 14 | . . . . . . 3 . 1 . . . 3 . . . . . . 2 2 . . . . 1 . 2 Slashing Weapon 12 | . . 3 1 . . . . . . . 2 1 . . . . 2 . 1 . . . 1 . . . 1 Piercing Weapon 1 | . . . . . . . . . 1 . . . . . . . . . . . . . . . . . . Special Melee Weapon 1 | . . . . . . . . . . . . . . . . . . . . . . . . . 1 . . Unidentified Prototypes 26 | . . 1 . . . 1 . 1 . . . 1 . . . . . . 1 12 . . . 1 . 5 3 Parts Lost 7 | . . . . . . . 2 . . . 1 . . . . . . . . . . . . . . . 4 Power 1 | . . . . . . . . . . . 1 . . . . . . . . . . . . . . . . Propulsion 3 | . . . . . . . . . . . . . . . . . . . . . . . . . . . 3 Utility 3 | . . . . . . . 2 . . . . . . . . . . . . . . . . . . . 1 Weapon . | . . . . . . . . . . . . . . . . . . . . . . . . . . . . Highest Loss Streak 4 | . . . . . . . 1 . . . 1 . . . . . . . . . . . . . . . 4 To Critical Strikes . | . . . . . . . . . . . . . . . . . . . . . . . . . . . . Average Slot Usage (%) 91 | . 71 90 96 92 92 99 87 96 99 100 99 98 91 86 86 85 87 87 87 86 93 90 93 91 93 93 90 Engine 3 | . 12 3 . . . . . . . . . . . . . . . . . . 1 5 9 10 10 10 8 Core 4 | . . 5 7 7 7 7 7 6 6 6 5 6 6 6 6 6 6 6 6 5 4 1 1 . . . . Hover 6 | . . . . . . . . . . . . . . . . . . . . . 25 23 22 21 21 20 20 Flight 15 | . 6 21 30 30 30 30 28 26 26 26 26 26 24 20 20 19 18 18 18 17 . . . . . . . Device 26 | . 10 22 24 23 23 14 14 17 20 26 26 26 26 26 26 27 31 31 31 31 31 30 35 36 36 35 31 Processor 7 | . . 9 7 7 7 12 12 13 12 6 6 6 6 6 6 6 6 6 6 6 6 5 7 5 5 5 6 Hackware 1 | . . 7 7 7 7 6 . . . . . . . . . . . . . . . . . . 4 5 5 Protection 3 | . . 1 . . . 3 1 4 6 6 5 5 6 6 6 6 6 6 6 5 6 3 . . . . . Impact Weapon 8 | . . . . . . 6 7 12 12 6 4 12 13 13 13 12 12 12 12 11 12 11 6 5 4 5 5 Slashing Weapon 9 | . . 17 15 15 15 15 14 13 13 13 14 7 6 6 6 6 6 6 6 6 6 5 9 10 10 8 9 Naked Turns . | . . . . . . . . . . . . . . . . . . . . . . . . . . . . Heaviest Build 57 | 6 8 12 12 12 12 23 23 25 31 31 31 33 32 32 32 37 37 37 37 38 46 52 56 57 57 56 56 Greatest Support 71 | 25 25 22 26 26 26 30 30 30 35 35 35 35 38 38 38 38 38 38 38 71 71 71 71 71 71 71 66 Greatest Overweight (x) 3 | . . . . . . . . . . . 1 . 1 . 1 . . . . 2 . . . . . 3 1 Average Overweight (x) . | . . . . . . . . . . . . . . . . . . . . . . . . . . . . Largest Inventory Capacity 4 | 1 1 2 2 2 2 2 3 3 3 3 3 3 3 3 3 3 4 4 4 4 4 4 4 4 4 4 4 Average Capacity 3 | . 1 1 2 2 2 2 2 3 3 3 3 3 3 3 3 3 3 4 4 4 4 4 4 4 4 4 4 Most Carried 4 | . 1 2 2 2 2 2 3 3 3 3 3 3 3 3 3 3 4 4 4 4 4 4 4 4 4 4 4 Average Carried 3 | . . 1 1 2 1 1 2 3 3 3 3 3 3 3 3 3 3 4 3 3 4 3 3 4 3 3 3 Final Capacity 4 | 1 1 2 2 2 2 2 3 3 3 3 3 3 3 3 3 3 4 4 4 4 4 4 4 4 4 4 4 Final Carried 4 | . 1 2 2 2 2 . 3 3 3 3 3 3 3 3 3 3 4 4 4 4 4 4 4 4 4 4 2 Class Distribution -------------------- 76% | Hacker-Scout 16% | Commander-Scout Dominant Class ---------------- Mutant | -10/Materials Hacker-Scout | -9/Materials Scavenger-Scout | -9/Mines Scavenger-Scout | -9/Exiles Scavenger-Scout | -8/Mines Hacker-Scout | -8/Materials Hacker-Scout | -8/Garrison Hacker-Scout | -8/Materials Hacker-Scout | -8/Garrison Hacker-Scout | -8/Materials Hacker-Scout | -8/Garrison Hacker-Scout | -8/Materials Hacker-Scout | -8/Garrison Hacker-Scout | -8/Materials Hacker-Scout | -8/Garrison Hacker-Scout | -7/Factory Hacker-Scout | -7/Lower Caves Hacker-Scout | -7/Lower Caves Hacker-Scout | -7/Zion Hacker-Scout | -7/Deep Caves Hacker-Scout | -6/Proximity Caves Hacker-Scout | -6/Factory Commander-Scout | -6/Extension Commander-Scout | -6/Cetus Commander-Scout | -6/Archives Commander-Scout | -6/Hub_04(d) Hacker-Scout | -5/Factory Resources | -11 -10 -9 -9 -9 -8 -8 -8 -8 -8 -8 -8 -8 -8 -8 -8 -7 -7 -7 -7 -7 -6 -6 -6 -6 -6 -6 -5 ----------- Run | Yrd Mat Mat Min Exi Min Mat Gar Mat Gar Mat Gar Mat Gar Mat Gar Fac Low Low Zio Dee Pro Fac Ext Cet Arc Hub Fac Matter Collected 1915 | 248 152 170 30 . . 110 15 60 10 . 70 60 57 3 . . 40 . 20 190 100 70 80 30 40 100 260 Remotely . | . . . . . . . . . . . . . . . . . . . . . . . . . . . . Salvage Created 17760 | . 125 1587 68 . 42 984 1106 324 820 71 1007 1019 688 853 1352 356 432 475 . 401 103 667 1347 586 243 1239 1865 Parts 885 | . 6 93 15 . 4 25 57 8 28 14 64 52 30 46 59 17 10 23 . 40 5 30 58 19 17 52 113 Haulers Intercepted 23 | . . 4 . . . 5 . 1 . 1 . 4 . . . . . . . . . 1 . . . 4 3 Recyclers Shooed 2 | . . . . . . . . . . . . . . 1 . . . . . . . 1 . . . . . Parts Field Recycled . | . . . . . . . . . . . . . . . . . . . . . . . . . . . . Retrieved Matter . | . . . . . . . . . . . . . . . . . . . . . . . . . . . . Parts Self-Destructed 46 | . . . . . . . . . . . . . . . . . 11 32 . . 3 . . . . . . Prevented 2 | . . . . . . . . . . . . . . . . . 1 1 . . . . . . . . . Kills | -11 -10 -9 -9 -9 -8 -8 -8 -8 -8 -8 -8 -8 -8 -8 -8 -7 -7 -7 -7 -7 -6 -6 -6 -6 -6 -6 -5 ------- Run | Yrd Mat Mat Min Exi Min Mat Gar Mat Gar Mat Gar Mat Gar Mat Gar Fac Low Low Zio Dee Pro Fac Ext Cet Arc Hub Fac Combat Hostiles Destroyed 388 | . 4 30 7 . . 20 29 6 23 2 32 18 22 17 36 7 8 14 . 9 4 15 26 8 1 15 35 Melee 329 | . . 30 7 . . 13 21 3 17 2 30 14 18 14 30 6 7 13 . 8 3 14 25 8 1 13 32 Guns 4 | . 4 . . . . . . . . . . . . . . . . . . . . . . . . . . Cannons 1 | . . . . . . . . . . . . . . . . . . . . . 1 . . . . . . Classes Destroyed 22 | . 1 8 . . 1 1 2 . . . 1 . . 1 1 . . . . 1 1 . 2 . . 1 1 Worker 6 | . . . . . . . . . . . . . . 1 . . . . . . . 1 . . . 4 . Builder 6 | . . . . . 2 . . . . . . 1 . 2 . . . . . . . . 1 . . . . Tunneler 2 | . . 1 1 . . . . . . . . . . . . . . . . . . . . . . . . Hauler 23 | . . 4 . . . 5 . 1 . 1 . 4 . . . . . . . . . 1 . . . 4 3 Recycler 3 | . . 1 . . . . . . . . . 1 . 1 . . . . . . . . . . . . . Mechanic 1 | . . . . . . . . . . . . . . . . . . . . . . . 1 . . . . Operator 18 | . . 2 . . . 2 . . . . . 3 . 2 . 1 . . . . . 1 1 . 4 . 2 Watcher 20 | . . 3 . . . 2 . 1 . 1 . 3 . 2 . . . . . . . . . . . 3 5 Swarmer 78 | . . 6 7 . . 7 2 . . . 10 8 4 3 7 . . 4 . . 4 6 . 1 . . 9 Cutter 4 | . . . . . . . . . . . 2 . . . . . . . . . . . . . . . 2 Saboteur 1 | . . . . . . . . . . . . . . . . . . . . . . . . . . . 1 Grunt 149 | . 4 14 . . . 8 14 4 14 . 12 4 11 7 14 4 4 3 . . . 6 11 2 . 4 9 Brawler 20 | . . 1 . . . 1 . . 1 . 3 . . 1 5 1 3 3 . . . . 1 . . . . Duelist 9 | . . . . . . . 1 . . . 1 1 . . 1 . . 1 . . . 1 2 . . . 1 Sentry 72 | . . 9 . . . 2 5 2 5 2 4 5 4 4 5 2 1 2 . . . 1 10 . 1 6 2 Specialist 3 | . . . . . . . . . . . . . . . . . . . . . . . 1 . . . 2 Hunter 21 | . . . . . . 2 2 . 2 . . . 3 2 3 . . . . . . . . . . 2 5 Programmer 13 | . . . . . . . 5 . 1 . . . . . . . . 1 . . . 1 . . . 1 4 Heavy 1 | . . . . . . . . . . . . . . . . . . . . . . . . . . 1 . Behemoth 2 | . . . . . . . . . . . . . . . 1 . . . . . . . 1 . . . . Cetus Guard 5 | . . . . . . . . . . . . . . . . . . . . . . . . 5 . . . Lightning 1 | . . . . . . . . . . . . . . . . . . . . . . . . . . 1 . Z-Technician 5 | . . . . . . . . . . . . . . . . . . . . 5 . . . . . . . Z-Light 8 | . . . . . . . . . . . . . . . . . . . . 8 . . . . . . . Samaritan 1 | . . . . . . . . . . . . . . . . . . . . . 1 . . . . . . Best Kill Streak 16 | . 2 10 5 . 2 16 10 4 4 4 10 10 5 13 11 3 3 8 . 6 4 8 5 6 5 11 16 Combat Bots Only 16 | . 2 6 4 . . 9 16 2 4 2 10 5 5 6 11 3 3 8 . 6 4 7 5 6 1 5 15 Max Kills in Single Turn 2 | . 1 1 1 . 1 1 1 1 1 2 2 2 2 1 2 1 1 1 . 1 2 1 1 1 1 2 2 Gunslinging . | . . . . . . . . . . . . . . . . . . . . . . . . . . . . Exploded . | . . . . . . . . . . . . . . . . . . . . . . . . . . . . Melee 2 | . . 1 1 . . 1 1 1 1 1 2 2 2 1 2 1 1 1 . 1 2 1 1 1 1 1 2 Uniques/NPCs Destroyed 1 | . . . . . . . . . . . . . . . . . . . . 1 . . . . . . . Z-Imprinter (-7/Deep Caves) Combat | -11 -10 -9 -9 -9 -8 -8 -8 -8 -8 -8 -8 -8 -8 -8 -8 -7 -7 -7 -7 -7 -6 -6 -6 -6 -6 -6 -5 -------- Run | Yrd Mat Mat Min Exi Min Mat Gar Mat Gar Mat Gar Mat Gar Mat Gar Fac Low Low Zio Dee Pro Fac Ext Cet Arc Hub Fac Hostile Shots Fired 2345 | . 30 132 29 . . 60 231 20 104 4 174 62 61 57 203 61 100 83 . 114 17 33 180 79 2 183 326 Missed 1069 | . 11 52 9 . . 27 96 10 35 1 78 26 26 27 84 34 53 31 . 57 11 17 98 30 1 101 154 Damage Taken 11097 | . 186 759 132 . . 301 1071 106 774 20 564 216 282 185 683 89 176 413 . 1052 52 235 263 436 9 1109 1984 Core 8354 | . 153 644 108 . . 228 797 75 574 11 389 157 170 130 494 52 118 281 . 793 39 178 201 338 7 903 1514 Absorbed by Shields 3349 | . . . . . . . 58 . 48 8 240 90 115 74 284 40 198 267 . 240 12 78 362 308 6 273 648 Redirected to Core 6316 | . 106 349 68 . . 155 540 46 393 11 274 125 160 118 341 47 112 228 . 562 39 132 173 298 7 725 1307 Ignored by Resistances 8574 | . 58 224 40 . . 135 774 79 494 20 541 198 253 187 630 99 220 412 . 874 46 214 421 533 10 550 1562 Regen/Repaired (Parts) 152 | . . 33 . . . . . . . . . . . . . . . . . . . 87 . . . . 32 Core Remaining (%) 82 | 100 96 . . . 98 . . . . . . . . . 92 . . . . . 91 . . . . 20 . Volleys Fired 39 | . 20 . . . . . . . . . . . . . . . . . . . . . . . . 16 3 Largest 2 | . 2 . . . . . . . . . . . . . . . . . . . . . . . . 1 1 Hottest 50 | . 40 . . . . . . . . . . . . . . . . . . . . . . . . 50 50 Shots Fired 59 | . 40 . . . . . . . . . . . . . . . . . . . . . . . . 16 3 Gun 59 | . 40 . . . . . . . . . . . . . . . . . . . . . . . . 16 3 Cannon . | . . . . . . . . . . . . . . . . . . . . . . . . . . . . Launcher . | . . . . . . . . . . . . . . . . . . . . . . . . . . . . Special . | . . . . . . . . . . . . . . . . . . . . . . . . . . . . Kinetic 40 | . 40 . . . . . . . . . . . . . . . . . . . . . . . . . . Thermal . | . . . . . . . . . . . . . . . . . . . . . . . . . . . . Explosive . | . . . . . . . . . . . . . . . . . . . . . . . . . . . . Electromagnetic 19 | . . . . . . . . . . . . . . . . . . . . . . . . . . 16 3 Robot Hit Streak 18 | . 18 . . . . . . . . . . . . . . . . . . . . . . . . 16 3 Robot Miss Streak 1 | . 1 . . . . . . . . . . . . . . . . . . . . . . . . 1 . Penetration Max . | . . . . . . . . . . . . . . . . . . . . . . . . . . . . Secondary Targets . | . . . . . . . . . . . . . . . . . . . . . . . . . . . . Shots Hit Robots 1166 | . 34 101 13 . 3 47 90 30 72 6 66 52 51 44 82 17 25 36 . 34 6 28 83 34 10 99 103 Core Hits 402 | . 12 39 5 . 1 11 20 5 15 4 27 20 15 19 28 6 7 13 . 12 3 16 29 14 5 26 50 Critical Kills 12 | . . . . . . 3 . . 1 . . . 2 . 2 . 1 . . . . . . 1 . 2 . Critical Parts Destroyed 71 | . . . . . . 6 7 3 9 . 1 5 6 2 6 1 1 2 . 1 1 2 3 . . 11 4 Critical Strikes 198 | . . 15 . . . 9 15 4 14 1 7 8 14 3 21 4 4 10 . 3 1 3 20 4 1 18 19 Smash 84 | . . . . . . 9 7 3 11 . 1 5 8 2 8 1 2 2 . 1 1 2 3 1 . 13 4 Sever 105 | . . 15 . . . . 8 1 3 . 1 . 6 1 13 3 2 8 . 2 . 1 17 3 1 5 15 Impale 9 | . . . . . . . . . . 1 5 3 . . . . . . . . . . . . . . . Melee Attacks 1537 | . . 118 16 . 3 55 135 36 102 9 121 74 105 55 114 21 33 43 12 51 7 47 97 35 13 114 121 Thermal 3 | . . . . . . . . . . . 3 . . . . . . . . . . . . . . . . Impact 526 | . . . . . . 42 36 26 70 . 17 27 41 22 51 8 13 17 8 17 3 17 24 5 1 58 23 Slashing 915 | . . 118 16 . 3 13 99 10 32 4 45 16 64 33 63 13 20 26 4 34 4 30 73 30 11 56 98 Piercing 92 | . . . . . . . . . . 5 56 31 . . . . . . . . . . . . . . . Sneak Attacks 95 | . . 8 1 . 2 7 4 1 12 3 7 6 3 4 4 . 1 . . 5 1 3 3 . 5 9 6 Combat Hostiles 30 | . . . . . . . 4 . 11 2 5 . 1 . 4 . 1 . . . . . 1 . . 1 . Follow-up Attacks 311 | . . 14 1 . . 6 22 13 32 2 24 16 14 11 25 4 8 11 . 6 2 7 28 12 . 25 28 Damage Inflicted 62577 | . 350 3813 473 . 187 2885 3779 1348 3456 331 3343 3137 3269 3039 5266 1057 1506 1924 . 2408 359 1735 4569 1838 880 5642 5983 Guns 425 | . 350 . . . . . . . . . . . . . . . . . . . . . . . . . 75 Cannons . | . . . . . . . . . . . . . . . . . . . . . . . . . . . . Explosions 380 | . . . . . . . . . . . . . . . . . . . . . . . . . . 296 84 Melee 61772 | . . 3813 473 . 187 2885 3779 1348 3456 331 3343 3137 3269 3039 5266 1057 1506 1924 . 2408 359 1735 4569 1838 880 5346 5824 Ramming . | . . . . . . . . . . . . . . . . . . . . . . . . . . . . Kinetic 350 | . 350 . . . . . . . . . . . . . . . . . . . . . . . . . . Thermal . | . . . . . . . . . . . . . . . . . . . . . . . . . . . . Explosive . | . . . . . . . . . . . . . . . . . . . . . . . . . . . . Electromagnetic 455 | . . . . . . . . . . . . . . . . . . . . . . . . . . 296 159 Impact 18936 | . . . . . . 2614 1297 1031 2463 . 479 850 766 601 1735 194 373 528 . 267 79 436 837 134 . 3339 913 Slashing 38895 | . . 3813 473 . 187 271 2482 317 993 89 901 551 2503 2438 3531 863 1133 1396 . 2141 280 1299 3732 1704 880 2007 4911 Piercing 3941 | . . . . . . . . . . 242 1963 1736 . . . . . . . . . . . . . . . Highest Corruption 10 | . . . . . . . . . . . . . . . . . . . . . . . 1 1 1 10 3 Average Corruption 2 | . . . . . . . . . . . . . . . . . . . . . . . 1 1 1 5 1 Corruption Purged 8 | . . . . . . . . . . . . . . . . . . . . . . . . . 1 7 . Corruption Blocked 8 | . . . . . . . . . . . . . . . . . . . . . . . . . . . 8 Effects 9 | . . . . . . . . . . . . . . . . . . . . . . . 2 . . 4 3 Message Errors 3 | . . . . . . . . . . . . . . . . . . . . . . . 1 . . 1 1 Matter Fused 1 | . . . . . . . . . . . . . . . . . . . . . . . . . . . 1 Heat Flow Errors 1 | . . . . . . . . . . . . . . . . . . . . . . . 1 . . . . Energy Discharges 2 | . . . . . . . . . . . . . . . . . . . . . . . . . . 1 1 Data Loss (major) 2 | . . . . . . . . . . . . . . . . . . . . . . . . . . 2 . Overload Shots . | . . . . . . . . . . . . . . . . . . . . . . . . . . . . Overflow Damage 9861 | . . 133 85 . 72 1065 603 340 598 . 453 921 514 442 836 118 129 185 . 506 136 252 413 70 288 1056 646 Projectiles 15 | . . . . . . . . . . . . . . 15 . . . . . . . . . . . . . Explosions . | . . . . . . . . . . . . . . . . . . . . . . . . . . . . Melee 9846 | . . 133 85 . 72 1065 603 340 598 . 453 921 514 427 836 118 129 185 . 506 136 252 413 70 288 1056 646 Knockbacks 76 | . . . . . . 7 6 7 6 . 1 4 6 4 6 1 1 1 . 1 2 2 3 . . 13 5 Impact 68 | . . . . . . 7 6 5 6 . 1 4 5 3 6 1 1 1 . 1 1 1 2 . . 13 4 Kinetic . | . . . . . . . . . . . . . . . . . . . . . . . . . . . . Secondary 8 | . . . . . . . . 2 . . . . 1 1 . . . . . . 1 1 1 . . . 1 Self-Inflicted Damage 866 | . . . . . . . . . 116 . . . 115 . . . . . . 294 . . . . . 313 28 Shots 8 | . . . . . . . . . 1 . . . 1 . . . . . . 1 . . . . . 4 1 Rammed . | . . . . . . . . . . . . . . . . . . . . . . . . . . . . Targets Rammed . | . . . . . . . . . . . . . . . . . . . . . . . . . . . . Kicked . | . . . . . . . . . . . . . . . . . . . . . . . . . . . . Crushed . | . . . . . . . . . . . . . . . . . . . . . . . . . . . . Highest Temperature 112 | . 4 17 . . . 1 21 2 16 . 13 13 3 5 . 6 . . . 9 . 11 112 4 . 42 22 Average Temperature 11 | . 2 10 . . . 1 8 2 4 . 4 7 2 5 . 6 . . . 6 . 11 57 4 . 13 6 Received Heat Transfer 4341 | . 135 426 . . . 108 798 81 502 6 430 116 123 90 252 66 39 94 . 296 8 26 78 114 5 50 498 Siege Activations . | . . . . . . . . . . . . . . . . . . . . . . . . . . . . Robots Corrupted 1 | . . . . . . . . . . . . . . . . . . . . . . . . . . . 1 Combat Hostiles 1 | . . . . . . . . . . . . . . . . . . . . . . . . . . . 1 Parts Fried 88 | . . . . . . 29 2 8 12 . . 3 4 4 6 . . 1 . 4 . 3 1 . . 9 2 Impact Corruptions 204 | . . . . . . 27 21 13 18 . 5 16 11 8 23 2 3 5 . 4 2 4 9 . . 21 12 Robots Melted . | . . . . . . . . . . . . . . . . . . . . . . . . . . . . Combat Hostiles . | . . . . . . . . . . . . . . . . . . . . . . . . . . . . Parts Melted 1 | . . . . . . . . . . . . . . . . . 1 . . . . . . . . . . Heat Transferred . | . . . . . . . . . . . . . . . . . . . . . . . . . . . . Parts Sabotaged . | . . . . . . . . . . . . . . . . . . . . . . . . . . . . Parts Stolen . | . . . . . . . . . . . . . . . . . . . . . . . . . . . . Parts Stripped . | . . . . . . . . . . . . . . . . . . . . . . . . . . . . Power Chain Reactions . | . . . . . . . . . . . . . . . . . . . . . . . . . . . . Alert | -11 -10 -9 -9 -9 -8 -8 -8 -8 -8 -8 -8 -8 -8 -8 -8 -7 -7 -7 -7 -7 -6 -6 -6 -6 -6 -6 -5 ------- Run | Yrd Mat Mat Min Exi Min Mat Gar Mat Gar Mat Gar Mat Gar Mat Gar Fac Low Low Zio Dee Pro Fac Ext Cet Arc Hub Fac Peak Influence 1824 | . 151 749 375 . 10 600 1561 1006 1484 637 1508 1357 1824 1428 1625 922 . . . . . 539 829 868 400 1566 1592 Initial 773 | . . 54 210 . . 3 265 655 516 622 328 633 773 765 513 739 . . . . . 57 121 403 292 . 636 Average 793 | . 80 428 276 . 2 242 1226 836 997 558 984 1012 1298 992 1163 815 . . . . . 282 514 699 283 640 1030 Maximum Alert Level 5 | . . 3 1 . . 2 4 3 4 2 4 4 5 4 5 3 . . . . . 2 3 3 2 4 4 Low Security (%) 9 | 100 100 18 . . 100 51 . . . . . . . . . . . . . . . 38 4 . 4 22 . Level 1 12 | . . 14 100 . . 28 4 . . . 8 . . . . . . . . . . 36 26 4 53 5 . Level 2 20 | . . 58 . . . 19 7 6 17 100 17 8 . . 7 8 . . . . . 25 55 39 41 27 10 Level 3 27 | . . 7 . . . . 12 93 43 . 26 48 32 71 34 91 . . . . . . 13 56 . 28 58 Level 4 27 | . . . . . . . 75 . 39 . 47 43 44 28 48 . . . . . . . . . . 15 30 Level 5 1 | . . . . . . . . . . . . . 23 . 9 . . . . . . . . . . . . High Security . | . . . . . . . . . . . . . . . . . . . . . . . . . . . . Max Security . | . . . . . . . . . . . . . . . . . . . . . . . . . . . . Squads Dispatched 37 | . . 1 . . . 3 . 3 . . . . . 5 . 2 . 1 . . . 4 2 . . 4 12 Investigation 12 | . . . . . . 2 . 1 . . . . . 2 . 2 . . . . . 3 . . . . 2 Extermination 3 | . . . . . . . . . . . . . . . . . . . . . . 1 . . . . 2 Reinforcement 14 | . . 1 . . . 1 . . . . . . . 3 . . . . . . . . . . . 3 6 Assault 5 | . . . . . . . . . . . . . . . . . . 1 . . . . 2 . . . 2 Garrison 3 | . . . . . . . . 2 . . . . . . . . . . . . . . . . . 1 . Intercept . | . . . . . . . . . . . . . . . . . . . . . . . . . . . . Searches Triggered . | . . . . . . . . . . . . . . . . . . . . . . . . . . . . Construction Impeded . | . . . . . . . . . . . . . . . . . . . . . . . . . . . . Haulers Reinforced 1 | . . . . . . . . . . . . . . . . . . . . . . . . . . . 1 Active Scanning Responses . | . . . . . . . . . . . . . . . . . . . . . . . . . . . . Cargo Convoy Interrupts 1 | . . . . . . . . . . . . . . . . . . . . . . . . . . . 1 Stealth | -11 -10 -9 -9 -9 -8 -8 -8 -8 -8 -8 -8 -8 -8 -8 -8 -7 -7 -7 -7 -7 -6 -6 -6 -6 -6 -6 -5 --------- Run | Yrd Mat Mat Min Exi Min Mat Gar Mat Gar Mat Gar Mat Gar Mat Gar Fac Low Low Zio Dee Pro Fac Ext Cet Arc Hub Fac Distress Signals 20 | . . 4 . . . . . 2 . 1 . 3 . 4 . . . . . . . 1 . 2 . 1 2 Communications Jammed . | . . . . . . . . . . . . . . . . . . . . . . . . . . . . Distress Signals . | . . . . . . . . . . . . . . . . . . . . . . . . . . . . Times Spotted 608 | . 7 45 10 . . 28 37 17 21 4 36 27 23 33 45 10 8 19 . 42 5 22 42 16 6 31 74 Peak Tracking Total 38 | . 3 8 5 . . 6 7 4 4 3 8 6 5 10 11 3 3 9 . 38 4 4 7 8 3 6 11 Tactical Retreats 34 | . . 3 . . . 1 2 1 . . 2 1 3 3 3 . . . . 1 1 3 . . . 2 8 Traps | -11 -10 -9 -9 -9 -8 -8 -8 -8 -8 -8 -8 -8 -8 -8 -8 -7 -7 -7 -7 -7 -6 -6 -6 -6 -6 -6 -5 ------- Run | Yrd Mat Mat Min Exi Min Mat Gar Mat Gar Mat Gar Mat Gar Mat Gar Fac Low Low Zio Dee Pro Fac Ext Cet Arc Hub Fac Traps Triggered 30 | . . . . . . 2 2 . 8 . 5 . 4 . 5 . . . . . . . 2 . . . 2 Indirectly . | . . . . . . . . . . . . . . . . . . . . . . . . . . . . Trap Hack Attempts . | . . . . . . . . . . . . . . . . . . . . . . . . . . . . Triggered . | . . . . . . . . . . . . . . . . . . . . . . . . . . . . Disarmed . | . . . . . . . . . . . . . . . . . . . . . . . . . . . . Reprogrammed . | . . . . . . . . . . . . . . . . . . . . . . . . . . . . Reused . | . . . . . . . . . . . . . . . . . . . . . . . . . . . . Traps Extracted . | . . . . . . . . . . . . . . . . . . . . . . . . . . . . Installed . | . . . . . . . . . . . . . . . . . . . . . . . . . . . . Triggered 1 | . . . . . . . . . . . . . . . 1 . . . . . . . . . . . . Machines | -11 -10 -9 -9 -9 -8 -8 -8 -8 -8 -8 -8 -8 -8 -8 -8 -7 -7 -7 -7 -7 -6 -6 -6 -6 -6 -6 -5 ---------- Run | Yrd Mat Mat Min Exi Min Mat Gar Mat Gar Mat Gar Mat Gar Mat Gar Fac Low Low Zio Dee Pro Fac Ext Cet Arc Hub Fac Machines Disabled 92 | . . 3 . . . 1 9 . 9 . 7 1 8 . 5 . . . 3 2 . . 2 . . 38 4 Max in Single Turn 10 | . . 1 . . . 1 1 . 2 . 1 1 2 . 1 . . . 1 1 . . 1 . . 10 1 Garrison Access 3 | . . . . . . . . . . . . . . . . . . . . . . . . . . 2 1 Garrison Relay 28 | . . . . . . . 8 . 5 . 6 . 5 . 4 . . . . . . . . . . . . Phase Generator 2 | . . . . . . . . . 1 . . . 1 . . . . . . . . . . . . . . Network Hub 4 | . . . . . . . . . . . . . . . . . . . . . . . . . . 4 . Machines Repaired . | . . . . . . . . . . . . . . . . . . . . . . . . . . . . Machines Dismantled . | . . . . . . . . . . . . . . . . . . . . . . . . . . . . Machines Sabotaged . | . . . . . . . . . . . . . . . . . . . . . . . . . . . . Overloaded Fab Kills . | . . . . . . . . . . . . . . . . . . . . . . . . . . . . Hacking | -11 -10 -9 -9 -9 -8 -8 -8 -8 -8 -8 -8 -8 -8 -8 -8 -7 -7 -7 -7 -7 -6 -6 -6 -6 -6 -6 -5 --------- Run | Yrd Mat Mat Min Exi Min Mat Gar Mat Gar Mat Gar Mat Gar Mat Gar Fac Low Low Zio Dee Pro Fac Ext Cet Arc Hub Fac Machines Accessed 120 | . 4 9 . 4 . 7 4 3 2 2 3 6 4 8 3 8 1 1 . . . 10 10 2 . 14 15 Terminals 85 | . 3 7 . . . 6 4 2 2 1 3 5 4 6 3 3 1 . . . . 4 10 2 . 12 7 Fabricators 11 | . . . . . . . . . . . . . . . . 2 . . . . . 3 . . . . 6 Repair Stations 3 | . . 1 . . . . . . . . . . . . . . . . . . . 1 . . . . 1 Recycling Units 5 | . 1 1 . . . . . . . . . . . 1 . 1 . . . . . 1 . . . . . Scanalyzers 2 | . . . . . . . . . . . . . . . . 1 . . . . . 1 . . . . . Garrison Access 9 | . . . . . . 1 . 1 . 1 . 1 . 1 . 1 . . . . . . . . . 2 1 Total Hacks 413 | . 15 29 . 27 . 34 6 8 4 8 6 19 6 23 4 22 1 5 . . . 34 26 6 . 46 84 Successful 253 | . 8 16 . 27 . 23 4 5 2 4 1 7 4 15 2 16 1 5 . . . 23 13 3 . 27 47 Failed 159 | . 7 13 . . . 10 2 3 2 4 5 12 2 8 2 6 . . . . . 11 13 3 . 19 37 Catastrophic 22 | . 1 3 . . . . . 1 1 1 1 2 . 1 . . . . . . . 3 . . . . 8 Database Lockouts 1 | . . . . . . 1 . . . . . . . . . . . . . . . . . . . . . Manual 214 | . 13 20 . . . 27 1 6 2 6 1 14 . 19 . 14 . . 1 . . 19 5 1 . 13 52 Terminals 310 | . 14 26 . . . 33 6 7 4 7 6 18 6 21 4 12 1 . . . . 19 26 6 . 41 53 Fabricators 39 | . . . . . . . . . . . . . . . . 4 . . . . . 10 . . . . 25 Repair Stations 8 | . . 2 . . . . . . . . . . . . . . . . . . . 2 . . . . 4 Recycling Units 7 | . 1 1 . . . . . . . . . . . 1 . 2 . . . . . 2 . . . . . Scanalyzers 3 | . . . . . . . . . . . . . . . . 2 . . . . . 1 . . . . . Garrison Access 14 | . . . . . . 1 . 1 . 1 . 1 . 1 . 2 . . . . . . . . . 5 2 Terminal Hacks 161 | . 6 11 . 27 . 14 4 4 2 2 1 4 4 10 2 5 1 5 . . . 9 12 3 . 18 17 Record 41 | . . . . 27 . 2 . . . . . . . . . . 1 5 . . . . . 3 . 3 . Part Schematic 4 | . . . . . . . . 1 . . . . . . . . . . . . . . . . . 2 1 Robot Schematic 2 | . . . . . . . . . . . . . . . . . . . . . . . . . . 2 . Robot Analysis 24 | . 5 4 . . . 5 . 1 . . . 1 . . . . . . . . . 4 3 . . . 1 Prototype ID Bank 5 | . . . . . . 1 . . . . . 1 . . . . . . . . . 1 . . . 2 . Open Door 7 | . . . . . . . 1 . . . . . . . 1 . . . . . . . 5 . . . . Open DSF 1 | . . . . . . . . . . . . . . . . 1 . . . . . . . . . . . Level Access Points 2 | . . . . . . 1 . . . . . . . . . . . . . . . . . . . 1 . Branch Access Points 5 | . . 1 . . . 1 . 1 . . . . . . . 1 . . . . . . . . . . 1 Emergency Access Points 4 | . . . . . . . 1 . 1 . 1 . 1 . . . . . . . . . . . . . . Machine Index 4 | . 1 . . . . 1 . . . . . . . . . 1 . . . . . . . . . 1 . Terminal Index 1 | . . . . . . . . . . . . . . . . . . . . . . . . . . . 1 Fabricator Index 1 | . . . . . . . . . . . . . . . . . . . . . . . . . . . 1 Garrison Index 4 | . . . . . . . . . . . . 1 . 1 . . . . . . . . . . . 1 1 Alert Level 17 | . . 2 . . . 1 . . . 1 . 1 . 2 . 1 . . . . . 1 1 . . 4 3 Unreport Threat 16 | . . 2 . . . 2 . 1 . 1 . . . 4 . 1 . . . . . 1 1 . . 1 2 Locate Traps 5 | . . 1 . . . . . . . . . . . . . . . . . . . 2 1 . . 1 . Recall Investigation 3 | . . . . . . . . . . . . . . . . . . . . . . . . . . . 3 Recall Reinforcements 5 | . . . . . . . . . . . . . . 3 . . . . . . . . . . . . 2 Recall Assault 1 | . . . . . . . . . . . . . . . . . . . . . . . 1 . . . . Registered Components 1 | . . . . . . . . . . . . . . . . . . . . . . . . . . . 1 Registered Prototypes 1 | . . 1 . . . . . . . . . . . . . . . . . . . . . . . . . Garrison Registry 2 | . . . . . . . 1 . . . . . 1 . . . . . . . . . . . . . . Patrol Navigation 3 | . . . . . . . 1 . 1 . . . 1 . . . . . . . . . . . . . . Security Stations 2 | . . . . . . . . . . . . . 1 . 1 . . . . . . . . . . . . Fabricator Hacks 17 | . . . . . . . . . . . . . . . . 2 . . . . . 5 . . . . 10 Network Status 3 | . . . . . . . . . . . . . . . . 1 . . . . . 1 . . . . 1 Load Schematic 5 | . . . . . . . . . . . . . . . . . . . . . . 2 . . . . 3 Build 9 | . . . . . . . . . . . . . . . . 1 . . . . . 2 . . . . 6 Repair Station Hacks 7 | . . 2 . . . . . . . . . . . . . . . . . . . 2 . . . . 3 Scan Component 4 | . . 1 . . . . . . . . . . . . . . . . . . . 1 . . . . 2 Repair 3 | . . 1 . . . . . . . . . . . . . . . . . . . 1 . . . . 1 Recycling Unit Hacks 3 | . . 1 . . . . . . . . . . . . . 1 . . . . . 1 . . . . . Retrieve Components 3 | . . 1 . . . . . . . . . . . . . 1 . . . . . 1 . . . . . Scanalyzer 3 | . . . . . . . . . . . . . . . . 2 . . . . . 1 . . . . . Insert Component 2 | . . . . . . . . . . . . . . . . 1 . . . . . 1 . . . . . Analyze 1 | . . . . . . . . . . . . . . . . 1 . . . . . . . . . . . Garrison Access Hacks 8 | . . . . . . 1 . 1 . 1 . 1 . 1 . . . . . . . . . . . 2 1 Unlock Access 5 | . . . . . . 1 . 1 . 1 . 1 . 1 . . . . . . . . . . . . . Seal Access 3 | . . . . . . . . . . . . . . . . . . . . . . . . . . 2 1 Unauthorized Hacks 54 | . 2 2 . . . 8 . . . 1 . 2 . 4 . 6 . . . . . 5 1 . . 7 16 Terminals 37 | . 2 2 . . . 8 . . . 1 . 2 . 3 . 2 . . . . . 2 1 . . 7 7 Track 2 | . . . . . . 2 . . . . . . . . . . . . . . . . . . . . . Botnet 29 | . 2 1 . . . 3 . . . 1 . 2 . 3 . 2 . . . . . 2 1 . . 5 7 Disrupt 5 | . . 1 . . . 2 . . . . . . . . . . . . . . . . . . . 2 . Operators 1 | . . . . . . 1 . . . . . . . . . . . . . . . . . . . . . Fabricators 12 | . . . . . . . . . . . . . . . . 2 . . . . . 2 . . . . 8 Report 1 | . . . . . . . . . . . . . . . . . . . . . . . . . . . 1 Prioritize 3 | . . . . . . . . . . . . . . . . . . . . . . 1 . . . . 2 Liberate 2 | . . . . . . . . . . . . . . . . 1 . . . . . . . . . . 1 Fabnet 6 | . . . . . . . . . . . . . . . . 1 . . . . . 1 . . . . 4 Repair Stations 1 | . . . . . . . . . . . . . . . . . . . . . . . . . . . 1 Mechanics 1 | . . . . . . . . . . . . . . . . . . . . . . . . . . . 1 Recycling Units 3 | . . . . . . . . . . . . . . 1 . 1 . . . . . 1 . . . . . Tunnel 3 | . . . . . . . . . . . . . . 1 . 1 . . . . . 1 . . . . . Scanalyzers . | . . . . . . . . . . . . . . . . . . . . . . . . . . . . Garrison Access 1 | . . . . . . . . . . . . . . . . 1 . . . . . . . . . . . Reprogram 1 | . . . . . . . . . . . . . . . . 1 . . . . . . . . . . . Data Cores Recovered 11 | . . 1 . . . 1 . . . . . 3 . 1 . 1 . . . . . 1 1 . . 1 1 Used 8 | . . . . . . 1 . . . . . 1 . 1 . 1 . . . . . 1 1 . . 1 1 Hacking Detections 79 | . 4 8 . . . 3 1 2 1 1 3 5 3 5 1 6 . . . . . 8 7 2 . 10 9 Full Trace Events 8 | . . 1 . . . . . 1 1 . . . . 1 . . . . . . . 2 . . . . 2 Feedback Events . | . . . . . . . . . . . . . . . . . . . . . . . . . . . . Feedback Blocked . | . . . . . . . . . . . . . . . . . . . . . . . . . . . . Robot Schematics Acquired 4 | . . . . . . . . . . . . . . . . . . . 2 . . . . . . 2 . Robots Built 4 | . . . . . . . . . . . . . . . . . . . . . . . . . . . 4 Authchips 1 | . . . . . . . . . . . . . . . . . . . . . . . . . . . 1 Time 228 | . . . . . . . . . . . . . . . . . . . . . . . . . . . 228 Total Robot Build Rating 20 | . . . . . . . . . . . . . . . . . . . . . . . . . . . 20 Part Schematics Acquired 21 | . . . . . . . . 1 . . . . . . . 1 . . 16 . . . . . . 2 1 Parts Built 11 | . . . . . . . . . . . . . . . . 2 . . . . . 4 . . . . 5 Authchips . | . . . . . . . . . . . . . . . . . . . . . . . . . . . . Time 237 | . . . . . . . . . . . . . . . . 58 . . . . . 89 . . . . 90 Total Part Build Rating 69 | . . . . . . . . . . . . . . . . 14 . . . . . 18 . . . . 37 Parts Repaired 3 | . . 1 . . . . . . . . . . . . . . . . . . . 1 . . . . 1 Time 95 | . . 38 . . . . . . . . . . . . . . . . . . . 19 . . . . 38 Parts Recycled . | . . . . . . . . . . . . . . . . . . . . . . . . . . . . Recycled Matter . | . . . . . . . . . . . . . . . . . . . . . . . . . . . . Retrieved Matter . | . . . . . . . . . . . . . . . . . . . . . . . . . . . . Retrieved Components 7 | . . 3 . . . . . . . . . . . . . 1 . . . . . 3 . . . . . Parts Scanalyzed 1 | . . . . . . . . . . . . . . . . 1 . . . . . . . . . . . Part Schematics Acquired 1 | . . . . . . . . . . . . . . . . 1 . . . . . . . . . . . Parts Damaged . | . . . . . . . . . . . . . . . . . . . . . . . . . . . . Bothacking | -11 -10 -9 -9 -9 -8 -8 -8 -8 -8 -8 -8 -8 -8 -8 -8 -7 -7 -7 -7 -7 -6 -6 -6 -6 -6 -6 -5 ------------ Run | Yrd Mat Mat Min Exi Min Mat Gar Mat Gar Mat Gar Mat Gar Mat Gar Fac Low Low Zio Dee Pro Fac Ext Cet Arc Hub Fac Used RIF Installer . | . . . . . . . . . . . . . . . . . . . . . . . . . . . . Robots Hacked 4 | . . . . . . . . . . . . . . . . . . . . . . 1 1 . 1 1 . Non-combat 1 | . . . . . . . . . . . . . . . . . . . . . . . . . 1 . . Combat 3 | . . . . . . . . . . . . . . . . . . . . . . 1 1 . . 1 . Robot Hacks Applied 1 | . . . . . . . . . . . . . . . . . . . . . . . . . 1 . . check_alert 1 | . . . . . . . . . . . . . . . . . . . . . . . . . 1 . . Relay Couplers Released 47 | . . . . . . . 14 . 7 . 11 . 8 . 7 . . . . . . . . . . . . Machine Destruction 47 | . . . . . . . 14 . 7 . 11 . 8 . 7 . . . . . . . . . . . . Fabnet Peak Effective % 3 | . . . . . . . . . . . . . . . . . . . . . 3 3 3 3 3 3 1 Autooverrided 3 | . . . . . . . . . . . . . . . . . . . . . . 1 1 . . 1 . Robots Rewired 42 | . . . . . . . . . 3 . 8 . . . 3 . . 2 . . . . 26 . . . . Allies Hacked . | . . . . . . . . . . . . . . . . . . . . . . . . . . . . Hacks Repelled . | . . . . . . . . . . . . . . . . . . . . . . . . . . . . Allies | -11 -10 -9 -9 -9 -8 -8 -8 -8 -8 -8 -8 -8 -8 -8 -8 -7 -7 -7 -7 -7 -6 -6 -6 -6 -6 -6 -5 -------- Run | Yrd Mat Mat Min Exi Min Mat Gar Mat Gar Mat Gar Mat Gar Mat Gar Fac Low Low Zio Dee Pro Fac Ext Cet Arc Hub Fac Total Allies 66 | . . . . . . . 2 . 4 . 8 . . . 5 2 . 2 . . . 1 32 5 . 1 4 Largest Group 25 | . . . . . . . 2 2 5 . 8 . . . 3 4 3 3 2 2 . 1 25 25 23 21 4 Highest-Rated Group 1180 | . . . . . . . 62 62 92 . 141 . . . 63 77 52 52 46 46 . 29 795 1180 925 863 217 Highest-Rated Ally 159 | . . . . . . . 31 31 31 . 21 . . . 25 25 20 30 30 30 . 29 159 159 96 96 96 Warlord Squad Rendezvous 1 | . . . . . . . . . . . . . . . . . . . . . . . . . . . 1 Geek 1 | . . . . . . . . . . . . . . . . . . . . . . . . . . . 1 Total Orders 2 | . . . . . . . . . . . . . . . . . . . . . . . . . . 2 . STAY 1 | . . . . . . . . . . . . . . . . . . . . . . . . . . 1 . FOLLOW 1 | . . . . . . . . . . . . . . . . . . . . . . . . . . 1 . Ally Attacks 457 | . . . . . . . 5 27 29 . 32 . . . 18 3 17 25 . 1 . 5 73 71 15 98 38 Total Damage 10620 | . . . . . . . 107 399 520 . 716 . . . 392 66 192 396 . . . 74 1585 1545 440 3301 887 Kills 73 | . . . . . . . 1 5 3 . 8 . . . . 2 2 4 . . . . 10 8 3 19 8 Allies Corrupted 5 | . . . . . . . . . . . . . . . . . . . . . . . . . . 5 . Allies Melted . | . . . . . . . . . . . . . . . . . . . . . . . . . . . . Intel | -11 -10 -9 -9 -9 -8 -8 -8 -8 -8 -8 -8 -8 -8 -8 -8 -7 -7 -7 -7 -7 -6 -6 -6 -6 -6 -6 -5 ------- Run | Yrd Mat Mat Min Exi Min Mat Gar Mat Gar Mat Gar Mat Gar Mat Gar Fac Low Low Zio Dee Pro Fac Ext Cet Arc Hub Fac Robot Analysis Total 24 | . 5 4 . . . 5 . 1 . . . 1 . . . . . . . . . 4 3 . . . 1 Derelict Logs Recovered 7 | . . . 3 . . . . . . . . . . . . . . 1 1 . 2 . . . . . . Drone Launches . | . . . . . . . . . . . . . . . . . . . . . . . . . . . . Drone Recoveries . | . . . . . . . . . . . . . . . . . . . . . . . . . . . . Exploration | -11 -10 -9 -9 -9 -8 -8 -8 -8 -8 -8 -8 -8 -8 -8 -8 -7 -7 -7 -7 -7 -6 -6 -6 -6 -6 -6 -5 ------------- Run | Yrd Mat Mat Min Exi Min Mat Gar Mat Gar Mat Gar Mat Gar Mat Gar Fac Low Low Zio Dee Pro Fac Ext Cet Arc Hub Fac Turns Passed 12599 | 43 195 691 146 101 45 357 1320 204 640 52 734 331 541 307 637 286 243 518 452 760 269 486 589 187 839 712 914 Spaces Moved 15173 | 31 193 866 296 324 117 650 820 321 764 129 1063 613 768 537 826 536 343 559 920 703 278 540 539 173 178 973 1113 Core 64 | 3 . . . . . . . . . . 57 . . . 1 . . . . 1 . . . . . 2 . Treads . | . . . . . . . . . . . . . . . . . . . . . . . . . . . . Legs 68 | 28 40 . . . . . . . . . . . . . . . . . . . . . . . . . . Wheels . | . . . . . . . . . . . . . . . . . . . . . . . . . . . . Hover 3798 | . . . . . . . . . . . . . . . . . . . . 6 278 540 539 173 178 971 1113 Flight 11243 | . 153 866 296 324 117 650 820 321 764 129 1006 613 768 537 825 536 343 559 920 696 . . . . . . . Fastest Speed 26 | 50 40 34 31 31 31 26 26 26 26 26 26 26 26 30 30 30 30 30 30 30 48 48 48 48 48 45 40 Average Speed 34 | 113 58 35 32 31 31 27 26 26 26 26 29 26 27 30 30 30 30 30 30 30 48 48 48 48 48 46 44 Slowest Speed 200 | 120 120 40 34 31 31 31 26 26 26 26 100 26 102 30 100 30 30 30 30 150 48 48 52 48 48 200 111 Overloaded Moves . | . . . . . . . . . . . . . . . . . . . . . . . . . . . . Propulsion Burnouts . | . . . . . . . . . . . . . . . . . . . . . . . . . . . . Robots Hopped . | . . . . . . . . . . . . . . . . . . . . . . . . . . . . Cave-ins Triggered . | . . . . . . . . . . . . . . . . . . . . . . . . . . . . Exploration Rate (%) 60 | 4 39 76 68 78 31 74 83 29 85 19 91 73 92 63 72 12 45 75 87 71 48 19 78 75 87 74 41 Regions Visited 27 Branch Regions 12 Pre-discovered Areas 8 | . . . 1 1 . . . . . . . . . 1 . 1 1 . 2 . . 1 . . . . . Known Exits Taken 21 | . 1 1 1 1 1 1 . 1 . 1 . 1 . 1 . 1 1 1 1 1 1 1 1 1 1 1 . Unknown Exits Taken 1 | 1 . . . . . . . . . . . . . . . . . . . . . . . . . . . Scrap Searched 8 | . . . . . . . . . . . . . . . . . 1 2 4 . 1 . . . . . . Spaces Dug 28 | . . . . . . 2 1 1 . 1 . 1 1 . . . 3 . . 4 . 8 1 . . 4 1 Terrain Destroyed 807 | . . . . . . 2 1 1 70 1 . 1 76 . . . 3 . . 4 . 8 1 . . 638 1 Melee 28 | . . . . . . 2 1 1 . 1 . 1 1 . . . 3 . . 4 . 8 1 . . 4 1 Projectile . | . . . . . . . . . . . . . . . . . . . . . . . . . . . . AOE 779 | . . . . . . . . . 70 . . . 75 . . . . . . . . . . . . 634 . Terrain Rammed . | . . . . . . . . . . . . . . . . . . . . . . . . . . . . Walls Destroyed . | . . . . . . . . . . . . . . . . . . . . . . . . . . . . Machines Disabled . | . . . . . . . . . . . . . . . . . . . . . . . . . . . . Actions | -11 -10 -9 -9 -9 -8 -8 -8 -8 -8 -8 -8 -8 -8 -8 -8 -7 -7 -7 -7 -7 -6 -6 -6 -6 -6 -6 -5 --------- Run | Yrd Mat Mat Min Exi Min Mat Gar Mat Gar Mat Gar Mat Gar Mat Gar Fac Low Low Zio Dee Pro Fac Ext Cet Arc Hub Fac Total 20914 | 36 237 1099 326 323 121 759 1777 402 1098 137 1353 706 955 607 1062 631 437 849 1080 1176 403 711 814 255 924 1158 1478 Wait 3407 | 1 9 76 3 . . 27 808 41 65 . 45 28 26 21 72 70 59 237 144 336 115 116 79 41 722 62 204 Move 15145 | 30 192 865 295 323 116 649 819 320 763 128 1062 612 767 536 825 535 342 558 919 702 277 539 537 172 177 972 1113 Hop . | . . . . . . . . . . . . . . . . . . . . . . . . . . . . Pick Up 25 | . 1 2 1 . 1 2 3 . . . . . . . . 1 1 . 1 8 . . . . 1 2 1 Fast Attach 129 | 5 4 10 3 . . 7 2 6 3 . 5 6 5 . . 2 2 . 4 26 1 5 5 1 3 8 16 Attach 12 | . . 1 . . . . . . . . . . . . . . . . . . . 1 1 . 1 4 4 Detach 11 | . 1 1 . . . . . . . . . . . . . . . . . . . 1 1 . . 2 5 Swap 19 | . . 4 . . . 4 . . . . . . 1 . . . . . . . . 2 1 2 . 1 4 Drop 125 | . 2 10 3 . 1 13 1 3 3 . 2 7 7 . . 2 2 . 5 33 1 4 3 1 3 9 10 Fire 39 | . 20 . . . . . . . . . . . . . . . . . . . . . . . . 16 3 Melee 959 | . . 94 13 . 3 43 91 18 53 5 66 40 64 33 67 13 20 26 7 34 4 30 57 22 10 72 74 Ram . | . . . . . . . . . . . . . . . . . . . . . . . . . . . . Kick . | . . . . . . . . . . . . . . . . . . . . . . . . . . . . Crush . | . . . . . . . . . . . . . . . . . . . . . . . . . . . . Escape Stasis 390 | . . . . . . . 16 . 135 . 90 . 72 . 60 . . . . . . . 17 . . . . Rewire 179 | . . . . . . . . . 36 . 46 . . . 5 . . 6 . . . . 86 . . . . Trap . | . . . . . . . . . . . . . . . . . . . . . . . . . . . . Miscellaneous 474 | . 8 36 8 . . 14 37 14 40 4 37 13 13 17 33 8 11 22 . 37 5 13 27 16 7 10 44 Route ------- -11/Scrapyard -10/Materials (discovered 2 exits: *Mat / [*Min]) -9/Materials (discovered 4 exits: *Mat x2 / *Min x2) -9/Mines (discovered 3 exits: *Mat x2 / *Exi) -9/Exiles (discovered 2 exits: *Min x2) -8/Mines -8/Materials (discovered 4 exits: *Fac x3 / Gar) -8/Garrison (discovered 3 exits: *Mat x3) -8/Materials (discovered 2 exits: *Fac / Gar) -8/Garrison (discovered 3 exits: *Mat x3) -8/Materials -8/Garrison (discovered 3 exits: *Mat x3) -8/Materials (discovered 3 exits: *Fac x2 / Gar) -8/Garrison (discovered 3 exits: *Mat x3) -8/Materials (discovered 4 exits: *Fac x3 / Gar) -8/Garrison (discovered 3 exits: *Fac x3) -7/Factory (discovered 3 exits: Sto / *Low x2) -7/Lower Caves -7/Lower Caves -7/Zion (discovered 2 exits: *Dee / *Pro) -7/Deep Caves -6/Proximity Caves -6/Factory (discovered 3 exits: *Fac / *Low / *Ext) -6/Extension (discovered 3 exits: *Fac x2 / *Cet) -6/Cetus (discovered 2 exits: *Fac / *Arc) -6/Archives (discovered 3 exits: *Fac / *Hub x2) -6/Hub_04(d) (discovered 4 exits: *Fac x4) -5/Factory (discovered 2 exits: *Upp x2) History --------- Turn | Location | Event 2 | -11/Scrapyard | Upgraded with Propulsion slot (x1) 2 | -11/Scrapyard | Upgraded with Utility slot (x2) 2 | -11/Scrapyard | Upgraded with Weapon slot (x1) 7 | -11/Scrapyard | Discovered new exit (range 15) 44 | -11/Scrapyard | Entered Materials 202 | -10/Materials | Discovered new exit (range 12) 232 | -10/Materials | Discovered new exit (range 16) 239 | -10/Materials | Identified exit to Materials 239 | -10/Materials | Entered another Materials area 241 | -9/Materials | Reached level 2 241 | -9/Materials | Reached level 3 241 | -9/Materials | Upgraded with Propulsion slot (x1) 241 | -9/Materials | Upgraded with Utility slot (x1) 252 | -9/Materials | Discovered new exit (range 16) 283 | -9/Materials | Identified exit to Mines 302 | -9/Materials | Discovered new exit (range 11) 365 | -9/Materials | Reached level 4 537 | -9/Materials | Reached level 5 596 | -9/Materials | Upgraded with Utility slot (x1) 639 | -9/Materials | Build established: Hacker-Scout 707 | -9/Materials | Discovered new exit (range 15) 730 | -9/Materials | Reached level 6 736 | -9/Materials | Upgraded with Propulsion slot (x1) 768 | -9/Materials | Identified exit to Materials 859 | -9/Materials | Repaired Lgt. Nuclear Core 930 | -9/Materials | Entered Mines 931 | -9/Mines | Assembled infested the area 931 | -9/Mines | Learned location of 1 exit from Lower Caves 943 | -9/Mines | A weapon hastily lodged in a ceiling crevice suddenly fell to the ground 954 | -9/Mines | Discovered exit to Materials (range 12) 982 | -9/Mines | Reached level 7 1012 | -9/Mines | Learned location of Storage (-7) 1015 | -9/Mines | Discovered exit to Materials (range 15) 1053 | -9/Mines | Upgraded with Weapon slot (x1) 1061 | -9/Mines | Discovered new exit (range 13) 1071 | -9/Mines | Learned 8 Materials zone layouts 1076 | -9/Mines | Identified exit to Exiles 1076 | -9/Mines | Entered Exiles 1081 | -9/Exiles | Discovered new exit (range 16) 1084 | -9/Exiles | Met 8R-AWN 1089 | -9/Exiles | Met EX-HEX 1099 | -9/Exiles | Met EX-BIN 1136 | -9/Exiles | Met EX-DEC 1144 | -9/Exiles | Visited The Gauntlet 1158 | -9/Exiles | Learned location of Zion (-7) 1174 | -9/Exiles | Discovered new exit (range 12) 1176 | -9/Exiles | Identified exit to Mines 1177 | -9/Exiles | Entered Mines 1187 | -8/Mines | Discovered exit to Materials (range 14) 1222 | -8/Mines | Entered Materials 1223 | -8/Materials | Identified exit to Factory 1224 | -8/Materials | Reached level 8 1283 | -8/Materials | Reached level 9 1403 | -8/Materials | Central database locked down 1425 | -8/Materials | Reached level 10 1456 | -8/Materials | Destroyed 9 combat bots 1579 | -8/Materials | Identified exit to Garrison 1579 | -8/Materials | Entered Garrison 1581 | -8/Garrison | Reached level 11 1586 | -8/Garrison | Garrison Relay disabled 1658 | -8/Garrison | Triggered checkpoint 1690 | -8/Garrison | Triggered checkpoint 1703 | -8/Garrison | Core integrity fell below 50% 1731 | -8/Garrison | Reached level 12 1754 | -8/Garrison | Discovered new exit (range 19) 1754 | -8/Garrison | Discovered new exit (range 56) 1754 | -8/Garrison | Discovered new exit (range 45) 1756 | -8/Garrison | Destroyed 16 combat bots 1771 | -8/Garrison | Garrison Relay disabled 1832 | -8/Garrison | Garrison Relay disabled 1841 | -8/Garrison | Garrison Relay disabled 1845 | -8/Garrison | Garrison Relay disabled 1866 | -8/Garrison | Garrison Relay disabled 1900 | -8/Garrison | Garrison Relay disabled 1902 | -8/Garrison | Triggered checkpoint 1949 | -8/Garrison | Rescued a captive Derelict 1949 | -8/Garrison | Rescued a captive Derelict 1989 | -8/Garrison | Garrison Relay disabled 1989 | -8/Garrison | Reached level 13 1992 | -8/Garrison | Upgraded with Utility slot (x1) 1994 | -8/Garrison | Triggered checkpoint 2019 | -8/Garrison | Identified exit to Materials 2542 | -8/Garrison | Triggered checkpoint 2899 | -8/Garrison | Entered Materials 2899 | -8/Materials | Accompanied by 2 allies 2901 | -8/Materials | Upgraded with Weapon slot (x1) 2912 | -8/Materials | Garrison activated, responded to threat 2943 | -8/Materials | Identified exit to Garrison 2992 | -8/Materials | Discovered exit to Factory (range 16) 3103 | -8/Materials | Entered Garrison 3103 | -8/Garrison | Accompanied by 2 allies 3128 | -8/Garrison | Triggered checkpoint 3130 | -8/Garrison | Garrison Relay disabled 3178 | -8/Garrison | Triggered checkpoint 3222 | -8/Garrison | Discovered new exit (range 12) 3224 | -8/Garrison | Identified exit to Materials 3275 | -8/Garrison | Garrison Relay disabled 3281 | -8/Garrison | Rescued a captive Derelict 3418 | -8/Garrison | Reached level 14 3438 | -8/Garrison | Triggered checkpoint 3443 | -8/Garrison | Garrison Relay disabled 3467 | -8/Garrison | Phase Generator disabled 3469 | -8/Garrison | Discovered exit to Materials (range 10) 3480 | -8/Garrison | Triggered checkpoint 3537 | -8/Garrison | Garrison Relay disabled 3556 | -8/Garrison | Triggered checkpoint 3687 | -8/Garrison | Garrison Relay disabled 3707 | -8/Garrison | Discovered exit to Materials (range 11) 3743 | -8/Garrison | Entered Materials 3795 | -8/Materials | Identified exit to Garrison 3795 | -8/Materials | Entered Garrison 3800 | -8/Garrison | Triggered checkpoint 3854 | -8/Garrison | Garrison Relay disabled 3900 | -8/Garrison | Triggered checkpoint 3943 | -8/Garrison | Garrison Relay disabled 3987 | -8/Garrison | Discovered new exit (range 16) 4026 | -8/Garrison | Discovered new exit (range 11) 4034 | -8/Garrison | Triggered checkpoint 4085 | -8/Garrison | Garrison Relay disabled 4092 | -8/Garrison | Identified exit to Materials 4118 | -8/Garrison | Triggered checkpoint 4118 | -8/Garrison | Triggered checkpoint 4124 | -8/Garrison | Triggered checkpoint 4139 | -8/Garrison | Reached level 15 4167 | -8/Garrison | Destroyed 10 combat bots 4245 | -8/Garrison | Discovered exit to Materials (range 7) 4259 | -8/Garrison | Destroyed 7 combat bots 4356 | -8/Garrison | Triggered checkpoint 4379 | -8/Garrison | Triggered checkpoint 4412 | -8/Garrison | Garrison Relay disabled 4413 | -8/Garrison | Lost 4 allies 4416 | -8/Garrison | Triggered checkpoint 4432 | -8/Garrison | Garrison Relay disabled 4464 | -8/Garrison | Garrison Relay disabled 4477 | -8/Garrison | Lost 4 allies 4529 | -8/Garrison | Entered Materials 4638 | -8/Materials | Discovered exit to Factory (range 12) 4738 | -8/Materials | Discovered exit to Factory (range 5) 4860 | -8/Materials | Identified exit to Garrison 4860 | -8/Materials | Entered Garrison 4900 | -8/Garrison | Triggered checkpoint 4942 | -8/Garrison | Garrison Relay disabled 5077 | -8/Garrison | Discovered new exit (range 12) 5093 | -8/Garrison | Learned Materials security intel 5151 | -8/Garrison | Garrison Relay disabled 5168 | -8/Garrison | Triggered checkpoint 5246 | -8/Garrison | Triggered checkpoint 5249 | -8/Garrison | Garrison Relay disabled 5276 | -8/Garrison | Garrison Relay disabled 5290 | -8/Garrison | Discovered new exit (range 13) 5344 | -8/Garrison | Discovered new exit (range 54) 5344 | -8/Garrison | Discovered new exit (range 58) 5344 | -8/Garrison | Discovered new exit (range 23) 5367 | -8/Garrison | Garrison Relay disabled 5390 | -8/Garrison | Phase Generator disabled 5401 | -8/Garrison | Identified exit to Materials 5401 | -8/Garrison | Entered Materials 5484 | -8/Materials | Reached level 16 5568 | -8/Materials | Discovered exit to Factory (range 4) 5635 | -8/Materials | Discovered exit to Factory (range 15) 5681 | -8/Materials | Discovered exit to Factory (range 13) 5708 | -8/Materials | Identified exit to Garrison 5708 | -8/Materials | Entered Garrison 5732 | -8/Garrison | Spotted B-75 Beast 5782 | -8/Garrison | Triggered checkpoint 5792 | -8/Garrison | Destroyed B-75 Beast 5806 | -8/Garrison | Learned Factory security intel 5813 | -8/Garrison | Destroyed 11 combat bots 5835 | -8/Garrison | Garrison Relay disabled 5864 | -8/Garrison | Triggered checkpoint 5916 | -8/Garrison | Triggered checkpoint 5927 | -8/Garrison | Destroyed 7 combat bots 6042 | -8/Garrison | Garrison Relay disabled 6052 | -8/Garrison | Discovered exit to Factory (range 17) 6092 | -8/Garrison | Spotted B-75 Beast 6092 | -8/Garrison | Spotted B-75 Beast 6126 | -8/Garrison | Triggered checkpoint 6153 | -8/Garrison | Rescued a captive Derelict 6154 | -8/Garrison | Rescued a captive Derelict 6200 | -8/Garrison | Triggered checkpoint 6224 | -8/Garrison | Garrison Relay disabled 6230 | -8/Garrison | Triggered checkpoint 6241 | -8/Garrison | Discovered exit to Factory (range 10) 6268 | -8/Garrison | Triggered checkpoint 6275 | -8/Garrison | Garrison Relay disabled 6280 | -8/Garrison | Triggered checkpoint 6285 | -8/Garrison | Discovered exit to Factory (range 17) 6345 | -8/Garrison | Entered Factory 6345 | -7/Factory | Accompanied by 2 allies 6368 | -7/Factory | Identified exit to DSF 6407 | -7/Factory | Identified exit to Storage 6407 | -7/Factory | Identified exit to Lower Caves 6435 | -7/Factory | Reached level 17 6542 | -7/Factory | Upgraded with Utility slot (x1) 6567 | -7/Factory | Fabricated Imp. Remote Shield? 6631 | -7/Factory | Entered Lower Caves 6631 | -7/Lower Caves | Accompanied by 4 allies 6632 | -7/Lower Caves | Identified exit to Lower Caves 6640 | -7/Lower Caves | Met a Warlord Commander 6641 | -7/Lower Caves | Learned location of Warlord (-4) 6642 | -7/Lower Caves | Warlord Commander delivered Encrypted Comm Array 6643 | -7/Lower Caves | Found Encrypted Comm Array 6789 | -7/Lower Caves | Attracted the attention of an 0b10 checkpoint 6874 | -7/Lower Caves | Entered another Lower Caves area 6874 | -7/Lower Caves | Accompanied by 3 allies 7004 | -7/Lower Caves | Learned 4 Factory zone layouts 7047 | -7/Lower Caves | Encountered a Warlord checkpoint 7057 | -7/Lower Caves | Attracted the attention of an 0b10 outpost 7136 | -7/Lower Caves | Destroyed 8 combat bots 7297 | -7/Lower Caves | Learned Factory trap positions 7346 | -7/Lower Caves | Discovered new exit (range 10) 7348 | -7/Lower Caves | Identified exit to Zion 7392 | -7/Lower Caves | Entered Zion 7392 | -7/Zion | Accompanied by 2 allies 7410 | -7/Zion | Discovered new exit (range 9) 7413 | -7/Zion | Identified exit to Proximity Caves 7493 | -7/Zion | Given A8's code to call for help 7495 | -7/Zion | Learned 12 Factory zone layouts 7507 | -7/Zion | Received a visual enhancement algorithm 7604 | -7/Zion | Found Prototype Special Weapon 7604 | -7/Zion | Identified RU-N14's Throwing Claymores 7734 | -7/Zion | Discovered new exit (range 6) 7748 | -7/Zion | Saw the warning signs outside the Deep Caves entrance 7749 | -7/Zion | Identified exit to Deep Caves 7844 | -7/Zion | Entered Deep Caves 7844 | -7/Deep Caves | Accompanied by 2 allies 7846 | -7/Deep Caves | Reached level 18 8067 | -7/Deep Caves | Attacked by Z-Imprinter 8077 | -7/Deep Caves | Destroyed Z-Imprinter 8112 | -7/Deep Caves | Found Prototype Protection 8112 | -7/Deep Caves | Identified Zio. Weapon Casing 8187 | -7/Deep Caves | Z-Facility disabled 8264 | -7/Deep Caves | Core integrity fell below 50% 8321 | -7/Deep Caves | Found Prototype Protection 8321 | -7/Deep Caves | Identified Zio. Heavy Carapace 8379 | -7/Deep Caves | Discovered new exit (range 14) 8423 | -7/Deep Caves | Identified exit to Proximity Caves 8571 | -7/Deep Caves | Spotted AG-40768 8574 | -7/Deep Caves | Found Prototype Device 8575 | -7/Deep Caves | Triggered Deep Caves wall 8575 | -7/Deep Caves | Spotted AS-60827 8604 | -7/Deep Caves | Entered Proximity Caves 8608 | -6/Proximity Caves | Learned Factory garrison access intel 8687 | -6/Proximity Caves | Spotted B-75 Beast 8693 | -6/Proximity Caves | Learned 4 Factory zone layouts 8869 | -6/Proximity Caves | Discovered new exit (range 7) 8871 | -6/Proximity Caves | Identified exit to Factory 8873 | -6/Proximity Caves | Entered Factory 8874 | -6/Factory | Identified exit to Extension 8875 | -6/Factory | Loaded intel: 115 trap records 8875 | -6/Factory | Reached level 19 8876 | -6/Factory | Loaded intel: 4 garrison access locations 8920 | -6/Factory | Discovered new exit (range 17) 8968 | -6/Factory | Identified exit to Lower Caves 8974 | -6/Factory | Upgraded with Power slot (x1) 9031 | -6/Factory | Repaired Reflective Plating 9116 | -6/Factory | Fabricated Adv. Terrain Scanner (x2) 9118 | -6/Factory | Destroyed 7 combat bots 9229 | -6/Factory | Fabricated Microactuators (x2) 9271 | -6/Factory | Discovered new exit (range 15) 9342 | -6/Factory | Identified Skeleton Box 9357 | -6/Factory | Remotely autohacked Sealed Blast Doors 9359 | -6/Factory | Entered Extension 9365 | -6/Extension | Upgraded with Utility slot (x1) 9449 | -6/Extension | Rescued a captive Derelict 9500 | -6/Extension | Reached level 20 9579 | -6/Extension | Spotted B-75 Beast 9583 | -6/Extension | Spotted B-75 Beast 9597 | -6/Extension | Allies destroyed B-75 Beast 9600 | -6/Extension | Discovered new exit (range 3) 9601 | -6/Extension | Identified exit to Factory 9603 | -6/Extension | Destroyed B-75 Beast 9663 | -6/Extension | Rescued a captive Derelict 9664 | -6/Extension | Rescued a captive Derelict 9709 | -6/Extension | First assault squad dispatched 9808 | -6/Extension | Build established: Commander-Scout 9821 | -6/Extension | Lost 7 allies 9835 | -6/Extension | Rescued a captive Derelict 9843 | -6/Extension | Rescued A7 9858 | -6/Extension | Discovered exit to Factory (range 10) 9859 | -6/Extension | Discovered new exit (range 6) 9936 | -6/Extension | Disrupted transfer network 9936 | -6/Extension | Identified exit to Cetus 9948 | -6/Extension | Entered Cetus 9948 | -6/Cetus | Accompanied by 23 allies (A7) 9953 | -6/Cetus | Acquired a Cetus Manufacturing Module code from A7 9955 | -6/Cetus | Spotted Cetus Guard 9955 | -6/Cetus | Spotted Cetus Guard 9955 | -6/Cetus | Spotted Cetus Guard 9955 | -6/Cetus | Spotted Cetus Guard 9968 | -6/Cetus | Destroyed Cetus Guard 9970 | -6/Cetus | Allies destroyed Cetus Guard 9972 | -6/Cetus | Destroyed Cetus Guard 9977 | -6/Cetus | Allies destroyed Cetus Guard 9996 | -6/Cetus | Started Cetus Manufacturing Module 10003 | -6/Cetus | Remotely autohacked Sealed Heavy Doors 10005 | -6/Cetus | Lost 3 allies 10007 | -6/Cetus | Discovered new exit (range 20) 10021 | -6/Cetus | Manufactured an Enhanced Grunt 10023 | -6/Cetus | Spotted Cetus Guard 10023 | -6/Cetus | Reached level 21 10024 | -6/Cetus | Spotted Cetus Guard 10025 | -6/Cetus | Upgraded with Utility slot (x1) 10026 | -6/Cetus | Spotted Cetus Guard 10028 | -6/Cetus | Spotted Cetus Guard 10036 | -6/Cetus | Discovered exit to Factory (range 17) 10041 | -6/Cetus | Destroyed Cetus Guard 10046 | -6/Cetus | Manufactured an Enhanced Grunt 10047 | -6/Cetus | Destroyed Cetus Guard 10054 | -6/Cetus | Destroyed Cetus Guard 10056 | -6/Cetus | Allies destroyed Cetus Guard 10061 | -6/Cetus | Met Revision 17 10071 | -6/Cetus | Manufactured an Enhanced Grunt 10096 | -6/Cetus | Manufactured an Enhanced Grunt 10101 | -6/Cetus | Identified exit to Archives 10121 | -6/Cetus | Manufactured an Enhanced Grunt 10135 | -6/Cetus | Entered Archives 10135 | -6/Archives | Accompanied by 24 allies (A7) 10146 | -6/Archives | Unable to access archive contents 10149 | -6/Archives | Discovered new exit (range 16) 10200 | -6/Archives | Discovered exit to Factory (range 16) 10201 | -6/Archives | Discovered new exit (range 17) 10213 | -6/Archives | Identified exit to Hub_04(d) 10974 | -6/Archives | Entered Hub_04(d) 10974 | -6/Hub_04(d) | Accompanied by 21 allies 10987 | -6/Hub_04(d) | Discovered exit to Factory (range 19) 11080 | -6/Hub_04(d) | Discovered exit to Factory (range 20) 11121 | -6/Hub_04(d) | Discovered exit to Factory (range 3) 11160 | -6/Hub_04(d) | Lost 3 allies 11175 | -6/Hub_04(d) | Garrison activated, responded to threat 11179 | -6/Hub_04(d) | Spotted B-75 Beast 11205 | -6/Hub_04(d) | Allies destroyed B-75 Beast 11517 | -6/Hub_04(d) | Network Hub disabled 11539 | -6/Hub_04(d) | Reached level 22 11539 | -6/Hub_04(d) | Network Hub disabled 11566 | -6/Hub_04(d) | Spotted Lightning 11572 | -6/Hub_04(d) | Spotted Lightning 11575 | -6/Hub_04(d) | Spotted Lightning 11609 | -6/Hub_04(d) | Destroyed Lightning 11610 | -6/Hub_04(d) | Core integrity fell below 50% 11612 | -6/Hub_04(d) | System corruption reached 10% 11629 | -6/Hub_04(d) | Network Hub disabled 11657 | -6/Hub_04(d) | Disrupted transfer network 11658 | -6/Hub_04(d) | Network Hub disabled 11684 | -6/Hub_04(d) | Found Prototype Processor 11684 | -6/Hub_04(d) | Identified Exp. Targeting Computer 11686 | -6/Hub_04(d) | Entered Factory 11686 | -5/Factory | Accompanied by 2 allies 11687 | -5/Factory | Core integrity fell below 50% 11705 | -5/Factory | Lost 3 allies 11731 | -5/Factory | Identified exit to Upper Caves 11780 | -5/Factory | Fabricated E-15 Imp? 11782 | -5/Factory | Core integrity fell below 20% 11830 | -5/Factory | Build established: Hacker-Scout 11845 | -5/Factory | Fabricated H-66 Slayer (x2) 11874 | -5/Factory | Fabricated Nanoactuators (x2) 11958 | -5/Factory | Fabricated Stasis Canceller (x1) 11986 | -5/Factory | First assault squad dispatched 12054 | -5/Factory | Lost 3 allies 12159 | -5/Factory | Reached level 23 12300 | -5/Factory | Cargo convoy interrupted 12301 | -5/Factory | Repaired Actuator Array 12375 | -5/Factory | Joined by Warlord Geek squad 12405 | -5/Factory | Spotted B-75 Beast 12414 | -5/Factory | Destroyed 15 combat bots 12468 | -5/Factory | Lost 4 parts (3n1u) 12588 | -5/Factory | Fabricated Quantum Reactor (x2) 12600 | -5/Factory | Destroyed by H-66 Slayer with Gauss Rifle Last Messages --------------- Next depth: 12% >>Trojan(Report) Trojan loaded successfully. Testing... Network status link confirmed. 12571_ Sneak attack on A-15 Conveyor. 12571_ Phasing Sabre follow-up attack on A-15 Conveyor. 12571_ A-15 Conveyor destroyed. 12573_ Acquired 10 matter. 12576_ Triggered Proton Bomb Trap. 12576_ A bubble of electromagnetic force engulfs the area. 12576_ Subcomponent Replicator disabled. 12576_ Door malfunctions. 12579_ System corrupted: Matter fused (-8). 12586_ ALERT: Significant disruption in Zone 8M, assault force dispatched. 12588_ >> FABRICATOR: Completed Quantum Reactor at (195,85). 12599_ Penetrated by Slug. 12599_ Slug penetrates Reinforced Barrier. 12600_ Penetrated by Slug. [Achievement: Superachiever] Map ----- +----------------------------------------------------+ | ???????#??#?# ## """" ?# | | ???????????## ## """" #? | | ?????? ????## #? ! ## | | ???????????## #?#?######?# | | ????????????# #####?#####? | | ????????#???# ############ | | ?????????#?## ###### ##?####?#### | | ??? ? ###?##? ?###### #?########## | | ????????##### # # # #? | | ????###?#??#? ?# "" # # """"""" #? | | ??????######? ? # "" # # """"""" ## | | ????? # + "" + + """"""" ## | | ????? ? ? # # S # # """""""?## | | ?????? ?"" / # "" # # ## | | ?????" "?" # # "" #= # ## | | ?????"?""" # # "" #[[ # #? | | ???? # # #%[[ ############ | | ??#??##?#### ######[[! #?#### | | ??? ? # ==! ###### | | ???? ? ? # T#### | | ? ? ?? # """ """ ""#### | | ? ? ?# """ """= ###?## | | ?? ? # """ """ ! ##?### | | ?? ? ? # h #?##?# | | ???? ?? # "" # T####### ####?# | | ? ?? ### "F !!! @#####?#### ###### | | ? ?? ?? ### "" !!! ###?######+###?## | | ?? ### "" !! # ? ? ##?? | | ? + h # ? ? #??# | | ? ### # #### | | ? ?? ? ?### ### # ? ? #??# | | ############## ### # ? ? ? ???## | | #?# ### + ? ?? #?#? | | ### ### # ? ? #?#? | | ### ### # ? ? ????? | | ### #?# ###### ? ? ? ?##? | | """ """ ###+### #?#### ? ?????? | | """ """ # # ###### ? ?? ? ???? | | """ """ # # +??? ? ???#??? | | # """ # ##+##########?#??????? | | """ """ # """ # # #??????????? | | """ """ # """ # # ##?????????? | | """ """ # + + ##????#????? | | " """ # # """ """ #???#??????? | | ############ """ # #??"" """????????????? | | ##??#???#??# """ # ^ #?"?? ""? #?#????????? | | ? ?? ? + # # ????????#???? | | #??????##??# # #? ?? ? ???#?????????? | | ##??#???#### # ####?##??????????????? | | #??#?#?????####### ### ? ?? ???????????? | +----------------------------------------------------+ Best States ------------- Heat Dissipation 63 Energy Generation 47 Energy Capacity 590 Matter Stores 350 Matter Capacity 350 Sight Range 21 Robot Scan Range 31 Terrain Scan Range 20 Terrain Scan Density 410 Armor Coverage 225 Resistance: KI 40 Resistance: TH 40 Resistance: EX 25 Resistance: EM 20 Resistance: I 20 Resistance: S 20 Resistance: P 20 Utility Shielding 33 Melee Speed Boost 50 Evasion (%) 78 Targeting Accuracy 12 Melee Accuracy 6 Target Analysis 5 Offensive Hacking 35 Defensive Hacking 32 Authchip Count 3 Item Schematics ----------------- Reaction Control System | -8/Materials | Hacked System Restoration Module | -7/Factory | Scanalyzed Phase Cannon | -7/Zion | Archive Spear | -7/Zion | Archive Adv. Field Recycling Unit | -7/Zion | Archive Imp. Thermal Shield | -7/Zion | Archive Mak. Shrapnel Gun | -7/Zion | Archive Enh. Optical Array | -7/Zion | Archive Stasis Canceller | -7/Zion | Archive Mak. Light Armor Plating | -7/Zion | Archive Imp. Cooling System | -7/Zion | Archive Hvy. Machine Gun | -7/Zion | Archive Imp. Thermal Generator | -7/Zion | Archive Mak. Hammer | -7/Zion | Archive Imp. EM Pulse Cannon | -7/Zion | Archive Adv. Terrain Scanner | -7/Zion | Archive Microactuators | -7/Zion | Archive Tiamat Missile Launcher | -7/Zion | Archive Imp. Armor Integrity Analyzer | -6/Hub_04(d) | Hacked Nanoactuators | -6/Hub_04(d) | Hacked Quantum Capacitor | -5/Factory | Hacked Robot Schematics ------------------ K-01 Serf | -7/Zion | Archive T-07 Excavator | -7/Zion | Archive H-66 Slayer | -6/Hub_04(d) | Hacked G-50 Soldier | -6/Hub_04(d) | Hacked Fabricated ------------ Imp. Remote Shield | x2 | -7/Factory | Preloaded Adv. Terrain Scanner | x2 | -6/Factory Microactuators | x2 | -6/Factory E-15 Imp | x2 | -5/Factory | Preloaded H-66 Slayer | x2 | -5/Factory | Authchip Nanoactuators | x2 | -5/Factory Stasis Canceller | x1 | -5/Factory Quantum Reactor | x2 | -5/Factory | Preloaded Alien Tech Used ----------------- None Achievements -------------- 404 Ambidextrous Assassin Batter Up Deadly Force Gladiator Melee Specialist Superachiever Challenges ------------ None RPGLIKE | -11 -10 -9 -9 -9 -8 -8 -8 -8 -8 -8 -8 -8 -8 -8 -8 -7 -7 -7 -7 -7 -6 -6 -6 -6 -6 -6 -5 --------- Run | Yrd Mat Mat Min Exi Min Mat Gar Mat Gar Mat Gar Mat Gar Mat Gar Fac Low Low Zio Dee Pro Fac Ext Cet Arc Hub Fac Levels Raised 22 | . . 5 1 . . 3 3 . 1 . 1 . . 1 . 1 . . . 1 . 1 1 1 . 1 1 XP Earned 37842 | 4000 540 7792 1300 200 500 4325 3567 575 1375 82 1164 391 678 269 549 898 405 551 152 361 705 1430 1740 695 196 1226 2176 XP Spent 36845 | 3990 . 7055 1430 . . 1750 6585 1100 1100 . 550 . 800 . . 2450 1000 . . . . 500 2555 2600 . . 3380 Upgrades 79 | 14 . 16 5 . . 6 14 1 1 . 1 . 2 . . 3 1 . . . . 1 4 1 . . 9 Power Slot 1 | . . . . . . . . . . . . . . . . . . . . . . 1 . . . . . Propulsion Slot 3 | 1 . 2 . . . . . . . . . . . . . . . . . . . . . . . . . Utility Slot 8 | 2 . 2 . . . . 1 . . . . . . . . 1 . . . . . . 1 1 . . . Weapon Slot 3 | 1 . . 1 . . . . 1 . . . . . . . . . . . . . . . . . . . Core Integrity 14 | . . . 2 . . . 3 . . . . . . . . . . . . . . . 3 . . . 6 Heat Dissipation 2 | 1 . . . . . . 1 . . . . . . . . . . . . . . . . . . . . Energy Generation 3 | 1 . . . . . . . . . . 1 . . . . . . . . . . . . . . . 1 Energy Storage 2 | . . . . . . . . . . . . . 1 . . 1 . . . . . . . . . . . Matter Storage 1 | 1 . . . . . . . . . . . . . . . . . . . . . . . . . . . Mass Support 3 | 1 . 1 . . . . . . 1 . . . . . . . . . . . . . . . . . . Inventory Capacity 4 | 1 . 1 . . . . 1 . . . . . . . . . 1 . . . . . . . . . . Sight Range 2 | . . 1 . . . . 1 . . . . . . . . . . . . . . . . . . . . Sensor Range 8 | 1 . 5 . . . 1 . . . . . . . . . 1 . . . . . . . . . . . Terrain Scan Density 4 | 2 . 1 1 . . . . . . . . . . . . . . . . . . . . . . . . Ranged Accuracy 1 | 1 . . . . . . . . . . . . . . . . . . . . . . . . . . . Melee Accuracy 4 | 1 . 1 1 . . . 1 . . . . . . . . . . . . . . . . . . . . Hack Attack % 5 | . . 1 . . . 1 . . . . . . 1 . . . . . . . . . . . . . 2 Hack Defense % 2 | . . 1 . . . 1 . . . . . . . . . . . . . . . . . . . . . KI Resistance % 4 | . . . . . . 1 3 . . . . . . . . . . . . . . . . . . . . TH Resistance % 4 | . . . . . . 2 2 . . . . . . . . . . . . . . . . . . . . EX Resistance % 1 | . . . . . . . 1 . . . . . . . . . . . . . . . . . . . . Protomatter Created 6537 | . 92 321 52 . . 208 450 135 478 106 464 163 424 281 559 158 140 295 . 319 37 273 594 49 . 300 639 Integrity Restored 9038 | . 158 756 129 . . 279 842 248 768 20 579 218 198 269 591 166 208 413 . 753 111 249 470 342 120 149 1002 Core 7048 | . 130 661 105 . . 216 777 116 574 11 389 157 115 185 430 110 124 281 . 648 111 109 335 342 11 109 1002 Parts 1990 | . 28 95 24 . . 63 65 132 194 9 190 61 83 84 161 56 84 132 . 105 . 140 135 . 109 40 . Protomatter Decayed 3620 | . 2 66 21 . . 110 77 126 252 51 295 82 241 113 222 99 154 151 . 115 . 51 335 20 93 725 219 Game ------ Seed PulseStasisDetector Manual? 0 Play Time 03:43:00 Cumulative 310.5 hours Start 2024.04.08 @ 01:12:39 End 2024.04.08 @ 05:04:27 Sessions 1 Manual Loads 0 Difficulty Adventurer Special Mode Winter2019/RPGLIKE Game No. 58 Rogue 13 Adventurer 44 Explorer 1 Win Type - Total 17 Types 6/0/5/4/1/0/1/0/0 Lore% 70 Gallery% 80 Achievement% 76 Wizard Run 0 Options --------- Layout 0 ASCII 0 Keyboard 0 Movement Numpad Keybinds 0 Fullscreen 1 Font 24/Smallcaps Map View 76x50 Zoom Use 0% Tactical HUD 1 Map Filters NONE Filters NONE Steam 1 RUN: d3b6d6a1-8a2b-4572-a0b2-320d6a821476